 Dungeon Crawl Stone Soup version 0.29.0-15-g675c0067aa (webtiles) character file.

Game seed: 8478060836113180709

1682 qw the Cleaver (level 9, -4/55 HPs)
             Began as a Gargoyle Fighter on Sept 12, 2022.
             Slain by a troll (12 damage)
             ... on level 5 of the Dungeon.
             The game lasted 00:02:23 (5312 turns).

qw the Cleaver (Gargoyle Fighter)                   Turns: 5312, Time: 00:02:23

Health: -4/55      AC: 20    Str: 24    XL:     9   Next: 2%
Magic:  9/9        EV:  6    Int:  9    God:
Gold:   240        SH:  4    Dex:  9    Spells: 8/8 levels left

rFire   . . .      SeeInvis .   Y - +0 war axe
rCold   . . .      Faith    .   c - +0 buckler
rNeg    + . .      Spirit   .   i - +0 plate armour
rPois   inf        Reflect  .   (no helmet)
rElec   +          Harm     .   a - +0 cloak
rCorr   .          Rampage  .   (no gloves)
Will    .....                   (no boots)
Stlth   ..........              e - amulet of regeneration
HPRegen 0.98/turn               (no ring)
MPRegen 0.11/turn               (no ring)

@: about to teleport
A: sickness immunity, AC +6, negative energy resistance 1, electricity
resistance, torment resistance 1, petrification resistance
a: no special abilities


You were on level 5 of the Dungeon.
You visited 1 branch of the dungeon, and saw 5 of its levels.

You collected 240 gold pieces.


Innate Abilities, Weirdness & Mutations

You are immune to sickness and miasma.
Your stone body is resilient. (AC +6)
You are immune to poison.
You resist negative energy. (rN+)
You are resistant to electric shocks. (rElec)
You are resistant to unholy torment.
You are immune to petrification.


   Skills:
 - Level 6.2 Fighting
 + Level 8.1 Axes
 - Level 2.1 Throwing
 - Level 5.2 Armour
 - Level 1.5 Dodging
 - Level 3.2 Shields


You had 8 spell levels left.
You didn't know any spells.
Your spell library was empty.

Inventory:

Hand Weapons
 b - a +2 flail of holy wrath
 Y - a +0 war axe (weapon)
Missiles
 k - 4 boomerangs (quivered)
Armour
 a - a +0 cloak (worn)
 c - a +0 buckler (worn)
 i - a +0 plate armour (worn)
Jewellery
 e - an amulet of regeneration (around neck)
Scrolls
 f - 3 scrolls of identify
 m - a scroll of teleportation
Potions
 d - 2 potions of might
 j - a potion of mutation
 l - 2 potions of curing
 p - a potion of attraction

Dungeon Overview and Level Annotations

Branches:
Dungeon (5/15)
 Temple: D:4-7

Altars:

Shops:
D:2 [


Message History

Throw: 2 javelins
Press: ? - help, Q - select action, (/) - cycle Shift-Dir - straight line, f/p - troll You throw a javelin.
The javelin barely misses the troll.
Throw: javelin
Press: ? - help, Q - select action, (/) - cycle Shift-Dir - straight line, f/p - troll You throw a javelin.
The javelin barely misses the troll.
You barely miss the troll. The troll bites you! You block the troll's attack.
The troll barely misses you.
You hit the troll.
The troll is lightly wounded.
The troll bites you. The troll claws you!
The troll claws you but does no damage.
You barely miss the troll.
The troll is lightly wounded.
The troll bites you but does no damage. The troll claws you but does no damage.
The troll completely misses you.
You hit the troll.
The troll is lightly wounded.
The troll bites you but does no damage. The troll closely misses you.
The troll claws you but does no damage.
You slash the troll!
The troll is moderately wounded.
The troll completely misses you.
The troll claws you but does no damage. x2
You hit the troll but do no damage.
The troll is moderately wounded.
You block the troll's attack. The troll claws you! The troll barely misses you.
You slash the troll!
The troll is heavily wounded.
You block the troll's attack. The troll claws you but does no damage.
The troll claws you! The troll barely misses you. The troll claws you.
The troll claws you but does no damage.
You barely miss the troll.
The troll is heavily wounded.
You block the troll's attack. The troll claws you but does no damage.
The troll claws you!
5312 ||| READING 2 scrolls of teleportation.
As you read the scroll of teleportation, it crumbles to dust.
You feel strangely unstable. The troll bites you!
You die...

.#'##.#.#.#.##.# ##<#######..#.
.#T.#.#.#.#.##.# ##.............
.'..###.#.#.##.# #.###########..
#######.#.#.##.# #.# #..........
....#.#.#.#.#..# #.###.######...
..#.#...#.#...## ##...##.# ###.
##..#..##.##.## ##.###.# #.
##..#..##.##.########.###.# #.
..#.#....(.....T@.........# #.
.......#..#..#.###..#.#..## #.
######.#..#..#.####.####.# ## .##
#....#..#.#.........# ..#
#(#..#..#.################
#.####....##.#......).........###
....<..#..###################....
#.#......................#....###
..######...#############.#.####


You could see a troll.

Vanquished Creatures
  An ice beast (D:5)
  A black bear (D:5)
  An ogre (D:5)
  A centaur (D:5)
  A phantom (D:5)
  3 necrophages
  Blork the orc (D:5)
  3 scorpions
  A howler monkey (D:5)
  A jelly (D:4)
  6 hounds
  3 orc priests (D:5)
  Natasha (thrice) (D:2)
  6 iguanas
  An orc wizard (D:5)
  7 gnolls
  7 adders
  A shadow imp (D:5)
  A white imp (D:5)
  An ufetubus (D:5)
  A worm (D:3)
  2 dart slugs
  7 orcs
  7 bats
  7 endoplasms
  3 giant cockroaches
  6 goblins
  6 hobgoblins
  5 quokkas
  8 ball pythons
  6 frilled lizards
  8 kobolds
  6 rats
122 creatures vanquished.

Notes
Turn   | Place    | Note
-------+----------+-------------------------------------------
     0 | D:1      | qw the Gargoyle Fighter began the quest for the Orb.
     0 | D:1      | Reached XP level 1. HP: 14/14 MP: 1/1
     0 | D:1      | 0 ||| qw: Version: 0.1-a-119-g272c26d
     0 | D:1      | 0 ||| qw: Game counter: 10752
     0 | D:1      | 0 ||| qw: Always use a shield: true
     0 | D:1      | 0 ||| qw: God list: Okawaru
     0 | D:1      | 0 ||| qw: Allow faded altars: false
     0 | D:1      | 0 ||| qw: Do Orc after D:15 true
     0 | D:1      | 0 ||| qw: Do second Lair branch before Depths: true
     0 | D:1      | 0 ||| qw: Lair rune preference: random
     0 | D:1      | 0 ||| qw: Plans: Normal, Zot, God:TSO, Crypt, Tomb, Pan,
                  | Slime, Hells, Zig, Abyss, Orb
     0 | D:1      | 0 ||| PLANNING D:1-11
    65 | D:1      | Reached skill level 2 in Axes
   153 | D:1      | Reached XP level 2. HP: 18/19 MP: 2/2
   255 | D:1      | 255 ||| Stepping ~*~*~tactically~*~*~ (stealth).
   364 | D:1      | Reached skill level 3 in Axes
   489 | D:1      | Reached XP level 3. HP: 21/23 MP: 3/3
   798 | D:1      | 798 ||| READING 3 scrolls labelled NEGRIQ CUQYPS.
   799 | D:1      | 799 ||| READING scroll labelled DOXEQU NOBLU.
   804 | D:1      | 804 ||| READING scroll labelled RYENGO PENT.
   805 | D:1      | 805 ||| READING scroll labelled GOZ WIFAMN.
   806 | D:1      | 806 ||| DROPPING 2 scrolls of immolation.
   816 | D:2      | Found a faded altar of an unknown god.
   864 | D:2      | Found Umma's Antique Armour Shop.
   875 | D:2      | 875 ||| SHOPLISTING chain mail (130 gold, have 33).
   875 | D:2      | 875 ||| SHOPLISTING pair of boots (130 gold, have 33).
   875 | D:2      | 875 ||| SHOPLISTING polished chain mail (275 gold, have
                  | 33).
   877 | D:2      | 877 ||| Stepping ~*~*~tactically~*~*~ (stealth).
  1042 | D:2      | Noticed Natasha
  1053 | D:2      | HP: 5/23 [Natasha (2)]
  1055 | D:2      | Killed Natasha
  1056 | D:2      | Reached XP level 4. HP: 6/28 MP: 4/4
  1309 | D:2      | Reached skill level 4 in Axes
  1543 | D:2      | Noticed Natasha
  1551 | D:2      | Killed Natasha
  1787 | D:2      | Noticed Natasha
  1797 | D:2      | Killed Natasha
  1798 | D:2      | Reached XP level 5. HP: 9/32 MP: 5/5
  1798 | D:2      | 1798 ||| FLEEEEING.
  1799 | D:2      | 1799 ||| FLEEEEING.
  1800 | D:2      | 1800 ||| FLEEEEING.
  1801 | D:2      | 1801 ||| FLEEEEING.
  1803 | D:2      | 1803 ||| FLEEEEING.
  1804 | D:2      | 1804 ||| FLEEEEING.
  1805 | D:2      | 1805 ||| FLEEEEING.
  1806 | D:2      | 1806 ||| FLEEEEING.
  1807 | D:2      | 1807 ||| FLEEEEING.
  1808 | D:2      | 1808 ||| FLEEEEING.
  1809 | D:2      | 1809 ||| FLEEEEING.
  1810 | D:2      | 1810 ||| FLEEEEING.
  1811 | D:2      | 1811 ||| FLEEEEING.
  1812 | D:2      | 1812 ||| FLEEEEING.
  1813 | D:2      | 1813 ||| FLEEEEING.
  1814 | D:2      | 1814 ||| FLEEEEING.
  1815 | D:2      | 1815 ||| FLEEEEING.
  1816 | D:2      | 1816 ||| FLEEEEING.
  1817 | D:2      | 1817 ||| FLEEEEING.
  1818 | D:2      | 1818 ||| FLEEEEING.
  1819 | D:2      | 1819 ||| FLEEEEING.
  1820 | D:2      | 1820 ||| FLEEEEING.
  1821 | D:2      | 1821 ||| FLEEEEING.
  1822 | D:2      | 1822 ||| FLEEEEING.
  1823 | D:2      | 1823 ||| FLEEEEING.
  1824 | D:2      | 1824 ||| FLEEEEING.
  1825 | D:2      | 1825 ||| FLEEEEING.
  1826 | D:2      | 1826 ||| FLEEEEING.
  1827 | D:2      | 1827 ||| FLEEEEING.
  1828 | D:2      | 1828 ||| FLEEEEING.
  1829 | D:2      | 1829 ||| FLEEEEING.
  1830 | D:2      | 1830 ||| FLEEEEING.
  1831 | D:2      | 1831 ||| FLEEEEING.
  1832 | D:2      | 1832 ||| FLEEEEING.
  1833 | D:2      | 1833 ||| FLEEEEING.
  1834 | D:2      | 1834 ||| FLEEEEING.
  1835 | D:2      | 1835 ||| STAIRDANCE
  2018 | D:1      | 2018 ||| UPGRADING to +0 cloak.
  2023 | D:1      | 2023 ||| DROPPING ring of magical power.
  2024 | D:1      | 2024 ||| READING scroll labelled PEEDAAM ZE FUSK.
  2025 | D:1      | 2025 ||| DRINKING 2 blue potions.
  2130 | D:1      | 2130 ||| READING 2 scrolls of identify.
  2130 | D:1      | 2130 ||| IDENTIFYING sedimented puce potion
  2131 | D:1      | 2131 ||| DROPPING potion of berserk rage.
  2132 | D:1      | 2132 ||| DROPPING potion of flight.
  2312 | D:2      | 2312 ||| UPGRADING to amulet of regeneration.
  2317 | D:2      | 2317 ||| READING 2 scrolls of identify.
  2317 | D:2      | 2317 ||| IDENTIFYING brown potion
  2444 | D:3      | Reached skill level 1 in Throwing
  2823 | D:3      | Reached skill level 5 in Axes
  3009 | D:3      | 3009 ||| READING scroll labelled GUPLESO ZUDACH.
  3010 | D:3      | 3010 ||| READING scroll labelled LEKEAM RYETICK.
  3011 | D:3      | 3011 ||| DRINKING 2 emerald potions.
  3012 | D:3      | 3012 ||| READING 2 scrolls of identify.
  3012 | D:3      | 3012 ||| IDENTIFYING fuming green potion
  3103 | D:4      | Reached XP level 6. HP: 38/38 MP: 6/6
  3212 | D:4      | Reached skill level 1 in Dodging
  3943 | D:4      | Reached XP level 7. HP: 40/43 MP: 7/7
  3972 | D:4      | 3972 ||| UPGRADING to +0 plate armour.
  3982 | D:4      | 3982 ||| DROPPING +0 scale mail.
  3983 | D:4      | 3983 ||| READING scroll labelled OTSAPS JARUS.
  3984 | D:4      | 3984 ||| READING scroll labelled PAVAGA IGOGUSE.
  3985 | D:4      | 3985 ||| READING 2 scrolls of identify.
  3985 | D:4      | 3985 ||| IDENTIFYING bubbling black potion
  4016 | D:5      | Entered Level 5 of the Dungeon
  4034 | D:5      | Reached skill level 6 in Axes
  4129 | D:5      | Noticed Blork the orc
  4131 | D:5      | 4131 ||| FLEEEEING.
  4132 | D:5      | 4132 ||| FLEEEEING.
  4133 | D:5      | 4133 ||| FLEEEEING.
  4134 | D:5      | 4134 ||| FLEEEEING.
  4135 | D:5      | 4135 ||| Stepping ~*~*~tactically~*~*~ (hiding).
  4145 | D:5      | Killed Blork the orc
  4266 | D:5      | 4266 ||| Stepping ~*~*~tactically~*~*~ (hiding).
  4432 | D:5      | 4432 ||| Stepping ~*~*~tactically~*~*~ (stealth).
  4452 | D:5      | 4452 ||| DROPPING +0 whip.
  4499 | D:5      | 4499 ||| Stepping ~*~*~tactically~*~*~ (stealth).
  4583 | D:5      | 4583 ||| Stepping ~*~*~tactically~*~*~ (hiding).
  4584 | D:5      | 4584 ||| Stepping ~*~*~tactically~*~*~ (hiding).
  4585 | D:5      | 4585 ||| Stepping ~*~*~tactically~*~*~ (hiding).
  4607 | D:5      | Reached skill level 7 in Axes
  4607 | D:5      | Reached XP level 8. HP: 43/48 MP: 8/8
  4696 | D:5      | 4696 ||| READING scroll labelled AWNA ANUSO.
  4730 | D:5      | 4730 ||| DROPPING +0 flail.
  4917 | D:5      | Noticed a troll
  4918 | D:5      | 4918 ||| Stepping ~*~*~tactically~*~*~ (hiding).
  4969 | D:5      | Reached skill level 8 in Axes
  4995 | D:5      | Reached skill level 6 in Fighting
  5022 | D:5      | HP: 8/51 [troll (7)]
  5023 | D:5      | 5023 ||| READING 4 scrolls of teleportation.
  5024 | D:5      | 5024 ||| DRINKING potion of heal wounds.
  5162 | D:5      | 5162 ||| Stepping ~*~*~tactically~*~*~ (stealth).
  5173 | D:5      | Reached XP level 9. HP: 55/55 MP: 9/9
  5218 | D:5      | 5218 ||| Stepping ~*~*~tactically~*~*~ (stealth).
  5236 | D:5      | HP: 12/55 [troll (7)]
  5237 | D:5      | 5237 ||| READING 3 scrolls of teleportation.
  5238 | D:5      | HP: 5/55 [troll (9)]
  5311 | D:5      | HP: 7/55 [troll (9)]
  5312 | D:5      | 5312 ||| READING 2 scrolls of teleportation.
  5312 | D:5      | Slain by a troll

Levels and vault maps discovered:
D:1:      shiori_arrival_elements, layout_basic
D:2:      layout_basic, ebering_ecumenical_altar_webs, serial_shops,
          nicolae_shop_advertising_works [nicolae_subvault_shop_adworks],
          uniq_natasha
D:3:      layout_loops_ring
D:4:      layout_gridville, grunt_decor_resistance
D:5:      minmay_clustersquares, layout_loops_ring, serial_co_window_serial,
          co_window_paths_b, co_window_paths_b, co_window_paths_a,
          co_window_paths_a, co_window_paths_a, co_window_paths_c,
          co_window_unsneaky_path_d, co_window_corner_b, co_window_paths_c,
          co_window_unsneaky_path_c, co_window_corner_b, co_window_paths_e,
          co_window_4corner_a, glass_columns_c, glass_columns_b,
          glass_columns_a, uniq_blork_the_orc

Skill      XL: |  1  2  3  4  5  6  7  8 |
---------------+-------------------------+-----
Axes           | 2 3 4 5 7 8 |  8.1
Throwing       | 1 2 |  2.1
Fighting       | 4 6 |  6.2
Dodging        | 1 |  1.5
Armour         | 4 5 |  5.2
Shields        | |  3.2

Action                   |  1- 3 |  4- 6 |  7- 9 || total
-------------------------+-------+-------+-------++-------
Melee: War axe           |    94 |   188 |   213 ||   495
Throw: Boomerang         |     4 |    10 |       ||    14
       Javelin           |       |    49 |    31 ||    80
  Use: Scroll            |     4 |     6 |     7 ||    17
       Potion            |       |     2 |     1 ||     3
Armor: Scale mail        |    39 |   116 |       ||   155
       Plate armour      |       |       |   198 ||   198
Dodge: Dodged            |    49 |    98 |    67 ||   214
Block: Buckler           |    22 |    33 |    41 ||    96

Table legend:
 A = Non-vault XP
 B = Vault XP
 C = Vault XP percentage of total XP
 D = Non-vault monster count
 E = Vault monster count
 F = Vault count percentage of total count
                 A         B        C        D         E       F
            +---------+---------+-------+---------+---------+-------
      Total |    1698 |     705 |  29.3 |     109 |      13 |  10.7
            +---------+---------+-------+---------+---------+-------
        D:1 |      51 |       0 |   0.0 |      23 |       0 |   0.0
        D:2 |      94 |      35 |  27.1 |      16 |       1 |   5.9
        D:3 |      86 |       0 |   0.0 |      23 |       0 |   0.0
        D:4 |     410 |       0 |   0.0 |      19 |       0 |   0.0
        D:5 |    1057 |     670 |  38.8 |      28 |      12 |  30.0
            +---------+---------+-------+---------+---------+-------
